 Dungeon Crawl Stone Soup version bcrawl-1.19.2-6-g6a88ae04c9 (webtiles) character file.

Game seed: 14220429367213180711

3026 Mrkan the Grappler (level 9, -5/92 HPs)
             Began as a Troll Monk on Dec 24, 2019.
             Was a High Priest of Wu Jian.
             Slain by an orc warrior
             ... wielding a +0 flail
              (10 damage)
             ... on level 7 of the Dungeon.
             The game lasted 00:10:54 (5255 turns).

Mrkan the Grappler (Troll Monk)                     Turns: 5255, Time: 00:10:54

Health: -5/92      AC:  8    Str: 21    XL:     9   Next: 55%
Magic:  0/9        EV: 10    Int: 10    God:    Wu Jian [*****.]
Gold:   388        SH:  0    Dex: 12    Spells: 8/8 levels left

rFire    . . .     SeeInvis .     - Unarmed
rCold    . . .     Gourm    +   (no shield)
rNeg     . . .     Faith    .   (armour unavailable)
rPois    .         Spirit   +   a - +0 hat
rElec    .         Reflect  .   r - scarf {cloud immunity}
rCorr    .         Harm     .   (gloves unavailable)
MR       .....                  (boots unavailable)
Stlth    ++........             b - amulet of guardian spirit
HPRegen  0.65/turn              (no ring)
MPRegen  0.11/turn              (no ring)

@: no status effects
A: large, almost no armour, unfitting armour, claws 3, fast metabolism 3,
gourmand, regeneration 1, AC +8
a: Wall Jump, Serpent's Lash, Heavenly Storm, Renounce Religion


You were on level 7 of the Dungeon.
You worshipped Wu Jian.
Wu Jian was extremely pleased with you.
You were completely stuffed.

You visited 1 branch of the dungeon, and saw 7 of its levels.
You also visited: Sewer and Ossuary.

You collected 388 gold pieces.

Inventory:

Missiles
 u - 91 javelins (quivered)
Armour
 a - a +0 hat (worn)
 r - a scarf of cloud immunity (worn)
Jewellery
 b - an amulet of guardian spirit (around neck)
 h - a +3 ring of dexterity {unknown}
 q - a +3 ring of strength
 v - an uncursed ring of see invisible {unknown}
 x - an uncursed amulet of magic regeneration {unknown}
Wands
 p - a wand of polymorph (11)
 z - a wand of iceblast (8)
 D - a wand of flame (12)
Scrolls
 d - 9 scrolls of identify {unknown}
 e - 3 scrolls of amnesia {unknown}
 f - a scroll of enchant armour {unknown}
 g - 6 scrolls of teleportation {unknown}
 i - 4 scrolls of magic mapping {unknown}
 k - a scroll of noise {unknown}
 l - 4 scrolls of remove curse {unknown}
 m - a scroll of immolation {unknown}
 t - a scroll of enchant weapon {unknown}
 w - 2 scrolls of fog {unknown}
 y - a scroll of blinking {unknown}
Potions
 j - 2 potions of might {unknown}
 n - a potion of flight {unknown}
 o - 2 potions of heal wounds {unknown}
 s - 2 potions of mutation {unknown}
 A - a potion of resistance {unknown}
 B - 3 potions of curing {unknown}
 C - 2 potions of lignification {unknown}
 E - a potion of magic {unknown}
 F - a potion of brilliance {unknown}
Comestibles
 c - 12 rations {!d}
 G - a chunk of flesh


   Skills:
 + Level 6.4 Fighting
 + Level 4.5 Throwing
 - Level 2.4 Dodging
 - Level 1.1 Stealth
 * Level 10.5 Unarmed Combat
   Level 2.0 Invocations


You had 8 spell levels left.
You didn't know any spells.
Your spell library contained the following spells:

 Spells                   Type           Power        Failure   Level  Hunger
 Infusion                 Chrm           #.......     36%         1    ##.....
 Song of Slaying          Chrm           #.......     50%         2    ###....
 Ozocubu's Armour         Chrm/Ice       #.......     75%         3    ####...
 Regeneration             Chrm/Necr      #.........   75%         3    ####...
 Spectral Weapon          Hex/Chrm       #.......     75%         3    ####...


Dungeon Overview and Level Annotations

Branches:
Dungeon (7/12)             Temple (0/1) D:5
   Lair: D:7-9

Altars:
Ashenzari
Cheibriados
Dithmenos
Gozag
Kikubaaqudgha
Makhleb
Nemelex Xobeh
Okawaru
Sif Muna
Wu Jian
Xom
Yredelemnul
Zin


Innate Abilities, Weirdness & Mutations

You cannot wear most types of armour.
Your thick skin is tough. (AC +8)
You are too large for most types of armour.
You have claws for hands.
Your metabolism is lightning-fast.
You like to eat raw meat.
Your natural rate of healing is unusually fast.


Message History

The orc wizard casts a spell.
The orc wizard flickers and vanishes!
Deactivating autopickup; reactivate with Ctrl-A.
Things that are here:
a +0 club; a +0 leather armour You barely miss the orc warrior.
The orc warrior is moderately wounded.
The orc warrior hits you with a +0 flail!
* * * LOW HITPOINT WARNING * * *
You closely miss the orc warrior. You claw the orc warrior!
The orc warrior is almost dead.
The orc warrior hits you from afar with a +0 glaive of flaming!
* * * LOW HITPOINT WARNING * * *
The orc warrior burns you.
* * * LOW HITPOINT WARNING * * *
An orc wizard comes into view. It is wielding a +0 dagger.
You scratch the orc warrior but do no damage.
The orc warrior is almost dead.
The orc warrior hits you with a +0 flail!
You die...

#....#....##.........
#####....#...............
.........#...............
.........#..............#
.._......#..........^...#
.........#....##..#####+#
.......))#....#####
.......††).....#
....#...@#.....# ###
#...o##...## ##.o{.#####
#..o.# #[...# #.)..#
#....# #.o..# ......


You could see 2 orc warriors, an orc wizard and an orc.

Vanquished Creatures
  A hippogriff (D:7)
  2 crocodiles
  An ice beast (D:6)
  An orc warrior (D:7)
  2 sky beasts
  2 phantoms
  A black bear (D:6)
  An ogre (D:5)
  2 centaurs
  5 bullfrogs
  2 scorpions (D:6)
  3 howler monkeys (D:7)
  5 crimson imps
  A hound (D:2)
  A bullfrog skeleton (D:4)
  4 orc wizards
  A centaur skeleton (D:7)
  A gnoll shaman (D:5)
  An iguana (D:5)
  4 worker ants
  2 hound skeletons
  14 mummies (Ossuary)
  12 adders
  13 gnolls
  3 shadow imps
  7 oozes (Sewer)
  5 worms
  A dart slug (D:1)
  16 leopard geckos
  19 orcs
  3 bats
  16 giant cockroaches
  14 hobgoblins
  4 jackals
  4 quokkas
  12 ball pythons
  18 frilled lizards
  12 goblins
  2 goblin skeletons (Ossuary)
  A jackal zombie (D:5)
  15 kobolds
  2 kobold skeletons (Ossuary)
  3 orc skeletons (Ossuary)
  5 rats
  11 rat skeletons (Ossuary)
  A rat zombie (D:6)
256 creatures vanquished.

Vanquished Creatures (others)
  A human (D:4)
  A goblin skeleton (Ossuary)
2 creatures vanquished.

Grand Total: 258 creatures vanquished

Notes
Turn   | Place    | Note
-------+----------+-------------------------------------------
     0 | D:1      | Mrkan the Troll Monk began the quest for the Orb.
     0 | D:1      | Reached XP level 1. HP: 22/22 MP: 1/1
    74 | D:1      | Reached XP level 2. HP: 26/29 MP: 2/2
   754 | D:2      | Reached XP level 3. HP: 31/36 MP: 3/3
   905 | D:2      | Found an ornate altar of the Wu Jian Council.
   927 | D:2      | Became a worshipper of the Wu Jian Council
   927 | D:2      | Reached * piety under Wu Jian
   927 | D:2      | Reached ** piety under Wu Jian
   938 | D:2      | Reached skill level 4 in Unarmed Combat
  1033 | D:2      | Gained mutation: Your natural rate of healing is unusually
                  | fast. [Troll growth]
  1033 | D:2      | Reached XP level 4. HP: 45/45 MP: 4/4
  1291 | D:2      | Found an opulent altar of Gozag.
  1529 | D:2      | Reached skill level 5 in Unarmed Combat
  1529 | D:2      | Reached XP level 5. HP: 48/53 MP: 5/5
  1576 | D:2      | Found a shimmering blue altar of Sif Muna.
  1718 | D:3      | Found a shadowy altar of Dithmenos.
  1718 | D:3      | Found a basalt altar of Yredelemnul.
  1763 | D:3      | Reached *** piety under Wu Jian
  1771 | D:3      | Found a snail-covered altar of Cheibriados.
  1791 | D:3      | Reached XP level 6. HP: 53/62 MP: 4/6
  1798 | D:3      | Found a sparkling altar of Nemelex Xobeh.
  1850 | D:3      | Found an iron altar of Okawaru.
  1998 | D:3      | Found a burning altar of Makhleb.
  2002 | D:3      | Found a glowing silver altar of Zin.
  2002 | D:3      | Noticed an angel
  2002 | D:3      | Noticed a blizzard demon
  2022 | D:3      | Reached skill level 6 in Unarmed Combat
  2051 | D:3      | Found a shattered altar of Ashenzari.
  2232 | D:4      | Found Naantu's Lightly-Used Armoury.
  2549 | D:4      | Found an ancient bone altar of Kikubaaqudgha.
  2558 | D:4      | Noticed a human
  2559 | D:4      | Killed a human
  2825 | D:5      | Entered Level 5 of the Dungeon
  2845 | D:5      | Noticed a sky beast
  2852 | D:5      | Killed a sky beast
  2852 | D:5      | Reached skill level 7 in Unarmed Combat
  2852 | D:5      | Reached XP level 7. HP: 63/71 MP: 5/7
  2880 | D:5      | Found a staircase to the Ecumenical Temple.
  3066 | D:5      | Reached skill level 1 in Throwing
  3235 | D:5      | Reached **** piety under Wu Jian
  3315 | D:5      | Reached skill level 8 in Unarmed Combat
  3315 | D:5      | Reached XP level 8. HP: 72/79 MP: 6/8
  3319 | D:5      | Reached skill level 5 in Fighting
  3621 | D:6      | Found a glowing drain.
  3651 | Sewer    | Entered a sewer
  3859 | Sewer    | Reached ***** piety under Wu Jian
  4081 | D:6      | Found a sand-covered staircase.
  4090 | Ossuary  | Entered an ossuary
  4119 | Ossuary  | Reached skill level 9 in Unarmed Combat
  4633 | D:6      | Reached XP level 9. HP: 75/89 MP: 7/9
  4934 | D:6      | Found a shimmering altar of Xom.
  5132 | D:7      | Reached skill level 10 in Unarmed Combat
  5214 | D:7      | Found a shimmering altar of Xom.
  5255 | D:7      | Slain by an orc warrior

Skill      XL: |  1  2  3  4  5  6  7  8  9 |
---------------+----------------------------+-----
Unarmed Combat | 4 5 7 8 9 10 | 10.5
Fighting       | 3 4 5 6 |  6.4
Throwing       | 1 3 4 |  4.5
Dodging        | |  2.4
Stealth        | |  1.1
Invocations    | |  2.0

Action                   |  1- 3 |  4- 6 |  7- 9 || total
-------------------------+-------+-------+-------++-------
Melee: Unarmed           |    77 |   209 |   388 ||   674
       Punch             |     1 |     7 |    18 ||    26
Invok: Whirlwind         |     3 |    23 |    49 ||    75
       Lunge             |     2 |    18 |    38 ||    58
 Stab: Sleeping          |       |     4 |     4 ||     8
       Distracted        |       |       |     1 ||     1
  Eat: Chunk             |    12 |    10 |    17 ||    39
Armor: Skin              |    26 |    59 |   119 ||   204
Dodge: Dodged            |    56 |    85 |   147 ||   288
